 Dungeon Crawl Stone Soup version 0.29-a0-284-gf9362112df (webtiles) character file.

Game seed: 10184861063529104932

246526 RepHenryClay the Severer (level 19, -3/146 HPs)
             Began as a Demonspawn Gladiator on Mar 23, 2022.
             Was the Champion of Qazlal.
             Hit by a silver javelin thrown by a merfolk javelineer (9 damage)
             ... on level 4 of the Shoals on Mar 24, 2022.
             The game lasted 01:21:29 (36107 turns).

RepHenryClay the Severer (Demonspawn Gladiator)    Turns: 36107, Time: 01:21:29

Health: -3/146     AC: 39    Str: 19    XL:     19   Next: 20%
Magic:  34/34      EV: 14    Int:  7    God:    Qazlal [******]
Gold:   1694       SH: 12    Dex: 21    Spells: 18/18 levels left

rFire   + + .      SeeInvis .   b - +3 executioner's axe (vorpal)
rCold   . . .      Faith    .   (shield currently unavailable)
rNeg    . . .      Spirit   .   P - +2 chain mail {Will+}
rPois   .          Reflect  .   G - +0 hat "Geituarph" {Rampage +Inv rF+}
rElec   .          Harm     .   (cloak unavailable)
rCorr   .          Rampage  +   r - +0 pair of gloves of the Merchant {Rampage MP+9 Str+5 Int-5}
Will    ++...                   A - +2 pair of boots
Stlth   ..........              z - amulet of regeneration
HPRegen 3.14/turn               s - ring of flight
MPRegen 0.24/turn               Z - +4 ring of protection

@: lethally poisoned (-3 -> -14), protected from physical damage, flying,
mesmerised, studying Throwing, repel missiles
A: molten scales 3, icemail 2, powered by death 2, condensation shield,
corrupting presence 2, weakness stinger 3
}: 1/15 runes: abyssal
a: Renounce Religion, Evoke Invisibility, Upheaval, Elemental Force, Disaster
Area


You were on level 4 of the Shoals.
You worshipped Qazlal.
Qazlal was exalted by your worship.
You visited 5 branches of the dungeon, and saw 28 of its levels.
You visited the Abyss 1 time.
You also visited: Ice Cave.

You collected 2586 gold pieces.
You spent 892 gold pieces at shops.

Inventory:

Hand Weapons
 a - the +10 war axe of Wusyseme {venom, Str+2}
   (You found it on level 6 of the Lair of Beasts)

   It poisons the flesh of those it strikes.
   Str:       It affects your strength (+2).
 b - a +3 vorpal executioner's axe (weapon)
 K - the +8 morningstar "Zonlyax" {spect, Int+7}
   (You found it on level 15 of the Dungeon)

   When its wielder attacks, the weapon's spirit leaps out and strikes again.
   The spirit shares a part of any damage it takes with its wielder.
   Int:       It affects your intelligence (+7).
Missiles
 d - 11 throwing nets
 f - 18 javelins (quivered)
 k - 3 silver javelins
 N - 4 curare-tipped darts
Armour
 r - the +0 pair of gloves of the Merchant (worn) {Rampage MP+9 Str+5 Int-5}
   (You found it on level 4 of the Dungeon)

   Str:       It affects your strength (+5).
   Int:       It affects your intelligence (-5).
   MP:        It affects your magic capacity (+9).
   Rampage:   It bestows one free step when moving towards enemies.
 A - a +2 pair of boots (worn)
 G - the +0 hat "Geituarph" (worn) {Rampage +Inv rF+}
   (You bought it in a shop on level 2 of the Orcish Mines)

   rF:        It protects you from fire.
   +Inv:      It lets you turn invisible.
   Rampage:   It bestows one free step when moving towards enemies.
 J - the +2 hat of Creativity {+Blink Fly rCorr Str-3}
   (You found it on level 10 of the Dungeon)

   Str:       It affects your strength (-3).
   Fly:       It grants you flight.
   +Blink:    It lets you blink.
   rCorr:     It protects you from acid and corrosion.
 P - a +2 chain mail of willpower (worn)
 T - +4 storm dragon scales {Bai Suzhen}
 U - a +2 chain mail of cold resistance
Jewellery
 l - a ring of protection from cold
 s - a ring of flight (left hand)
 t - a ring of resist corrosion
 v - a ring of protection from fire
 x - a ring of positive energy
 z - an amulet of regeneration (around neck)
 H - a ring of positive energy
 W - a ring of magical power
 Y - a +6 ring of dexterity
 Z - a +4 ring of protection (right hand)
Wands
 c - a wand of paralysis (4)
 h - a wand of digging (16)
 y - a wand of mindburst (6)
 B - a wand of iceblast (15)
 F - a wand of acid (9)
 O - a wand of flame (29)
 V - a wand of polymorph (5)
Scrolls
 g - 7 scrolls of fear
 j - 2 scrolls of magic mapping
 n - 4 scrolls of teleportation
 o - 5 scrolls of immolation
 p - 2 scrolls of blinking
 w - 7 scrolls of fog
 R - a scroll of enchant armour
Potions
 e - a potion of berserk rage
 i - 2 potions of resistance {!*}
 m - a potion of ambrosia
 q - 2 potions of curing
 u - 3 potions of mutation
 C - a potion of magic
 D - 3 potions of attraction
 E - 2 potions of haste
 I - 8 potions of heal wounds
 L - a potion of cancellation
 M - 3 potions of invisibility
 Q - 7 potions of flight
 S - a potion of might


   Skills:
 + Level 11.9 Fighting
 * Level 19.7 Axes
 - Level 9.1 Throwing
 + Level 14.2 Armour
 + Level 11.1 Dodging
 - Level 9.2 Invocations
 - Level 5.2 Evocations


You had 18 spell levels left.
You didn't know any spells.
Your spell library contained the following spells:

 Spells                   Type           Power      Damage    Failure   Level
 Animate Skeleton         Necr           0%         N/A       96%         1
 Apportation              Tloc           0%         N/A       96%         1
 Beastly Appendage        Tmut           0%         N/A       96%         1
 Freeze                   Ice            0%         1d3       96%         1
 Sandblast                Erth           0%         2d4       96%         1
 Shock                    Conj/Air       0%         1d3       96%         1
 Summon Small Mammal      Summ           0%         N/A       96%         1
 Ensorcelled Hibernation  Hex/Ice        0%         N/A       99%         2
 Passwall                 Tmut/Erth      0%         N/A       99%         2
 Poisonous Vapours        Pois/Air       0%         N/A       99%         2
 Static Discharge         Conj/Air       0%         N/A       99%         2
 Sublimation of Blood     Necr           0%         N/A       99%         2
 Wereblood                Tmut           0%         N/A       99%         2
 Confusing Touch          Hex            0%         N/A       100%        3
 Dazzling Flash           Conj/Hex       0%         N/A       100%        3
 Frozen Ramparts          Ice            0%         1d2       100%        3
 Gell's Gravitas          Tloc           0%         N/A       100%        3
 Ozocubu's Armour         Ice            0%         N/A       100%        3
 Spider Form              Tmut/Pois      0%         N/A       100%        3
 Swiftness                Air            0%         N/A       100%        3
 Teleport Other           Tloc           0%         N/A       100%        3
 Tukima's Dance           Hex            0%         N/A       100%        3
 Airstrike                Air            0%         N/A       100%        4
 Anguish                  Hex/Necr       0%         N/A       100%        4
 Animate Armour           Summ/Erth      0%         N/A       100%        4
 Dispel Undead            Necr           0%         3d6       100%        4
 Hailstorm                Conj/Ice       0%         3d3       100%        4
 Ice Form                 Ice/Tmut       0%         N/A       100%        4
 Petrify                  Tmut/Erth      0%         N/A       100%        4
 Sticky Flame             Conj/Fire      0%         2d3       100%        4
 Summon Ice Beast         Ice/Summ       0%         N/A       100%        4
 Agony                    Necr           0%         N/A       100%        5
 Alistair's Intoxication  Tmut/Pois      0%         N/A       100%        5
 Borgnjor's Vile Clutch   Necr/Erth      0%         N/A       100%        5
 Fireball                 Conj/Fire      0%         3d3       100%        5
 Irradiate                Conj/Tmut      0%         3d14      100%        5
 Metabolic Englaciation   Hex/Ice        0%         N/A       100%        5
 Silence                  Hex/Air        0%         N/A       100%        5
 Yara's Violent Unravell  Hex/Tmut       0%         3d3       100%        5
 Dispersal                Tloc           0%         N/A       100%        6
 Eringya's Noxious Bog    Tmut/Pois      0%         N/A       100%        6
 Starburst                Conj/Fire      0%         6d3       100%        6
 Enfeeble                 Hex            0%         N/A       100%        7
 Malign Gateway           Summ/Tloc      0%         N/A       100%        7
 Ozocubu's Refrigeration  Ice            0%         4d5       100%        7
 Ignition                 Fire           0%         3d3       100%        8
 Maxwell's Capacitive Co  Air            0%         ∞         100%        8
 Summon Horrible Things   Summ           0%         N/A       100%        8


Dungeon Overview and Level Annotations

Branches:
Dungeon (15/15)            Temple (1/1) D:6            Lair (6/6) D:10
 Shoals (4/4) Lair:2        Snake (0/4) Lair:4        Slime (0/5) Lair:5
    Orc (2/2) D:12            Elf (0/3) Orc:2        Vaults (0/5) D:14
 Depths (0/4) D:15          IceCv (visited)

Altars:
Ashenzari
Cheibriados
Dithmenos
Elyvilon
Fedhas
Gozag
Hepliaklqana
Kikubaaqudgha
Makhleb
Nemelex Xobeh
Okawaru
Qazlal
Ru
Sif Muna
Trog
Uskayaw
Vehumet
Wu Jian
Xom
Yredelemnul
Zin
The Shining One
Beogh

Shops:
D:6 *   D:8 (   Orc:2 [([[?[:

Portals:
Trove: D:14 (give 3 potions of resistance)

Annotations:
Shoals:1 Roxanne


Innate Abilities, Weirdness & Mutations

You are completely covered in molten scales. (AC +4, rF+)
A meltable icy envelope protects you from harm. (AC +8)
You regenerate health from kills.
A meltable shield of frost defends you. (SH +4)
Your presence sometimes corrodes or deforms those you injure.
You have a sharp stinger which inflicts weakening toxins.


Message History

Qazlal accepts your kill.
You feel extremely sick. The merfolk misses you.
Damage: -8%(-11hp) hp: 55%(80hp)
You are too injured to fight recklessly!
You rampage towards the merfolk javelineer!
A merfolk comes into view. It is wielding a +0 glaive.
You closely miss the merfolk javelineer.
You tail-slap the merfolk javelineer.
The merfolk javelineer looks weaker.
The merfolk javelineer is lightly wounded.
You closely miss the merfolk.
You feel extremely sick.
The merfolk javelineer is engulfed in freezing vapours.
The merfolk impaler misses you. The merfolk closely misses you.
The merfolk javelineer throws a silver javelin.
The silver javelin pierces through you!!
* * * LOW HITPOINT WARNING * * *
The silver sears you!
* * * LOW HITPOINT WARNING * * *
A merfolk comes into view. It is wielding a +0 trident.
The merfolk moves out of view.
Huge Dmg: -25%(-37hp) hp: 30%(43hp)
You slice the merfolk javelineer!!
Your tail-slap misses the merfolk javelineer.
The merfolk javelineer is severely wounded.
You hit the merfolk.
You feel extremely sick.
You hear a screech! x2
The merfolk impaler hits you from afar with a +0 trident of protection!
* * * LOW HITPOINT WARNING * * *
You feel more protected from physical attacks.
The merfolk javelineer throws a javelin.
The javelin pierces through you but does no damage.
The merfolk siren chants its luring song.
You block the merfolk impaler's attack.
The merfolk javelineer throws a silver javelin.
The silver javelin pierces through you!
* * * LOW HITPOINT WARNING * * *
The silver sears you!
You die... ≈≈≈ ≈≈≈ ≈ ≈≈≈≈ .. ≈≈≈≈. ... ≈≈≈≈.# .... ≈≈≈≈..#### mm...

≈≈≈≈≈°.[m#mm....
≈≈≈≈≈≈††@)m.....
≈≈≈≈≈≈°≈)m......
≈$≈≈≈≈§≈°☼.#####
≈≈≈≈......#.#
≈.........##.#
≈.......... .#
............ #
≈..........!.


You could see 2 merfolk impalers, 2 merfolk javelineers, 2 merfolk and a merfolk
siren (mesmerising).

Vanquished Creatures
  Bai Suzhen (Shoals:3)
  A tentacled starspawn (Abyss:3)
  Gastronok (D:8)
  2 krakens
  Polyphemus (Shoals:3)
  Ilsuiw (Shoals:3)
  The ghost of Mionokh the Severer, an adept HOMo of Beogh (Shoals:3)
  Louise (Shoals:3)
  An orc warlord (Orc:1)
  A war gargoyle (Abyss:3)
  The ghost of enile the Fighter, a journeyman OpWn of Ashenzari (Lair:6)
  A reaper (IceCv)
  Snorg (D:12)
  3 merfolk javelineers
  A merfolk impaler (Shoals:3)
  The ghost of Ideihu the Fighter, a journeyman DjFE of Makhleb (D:13)
  3 rakshasas
  5 vault guards (D:14)
  8 centaur warriors
  Harold (Orc:1)
  An ice dragon (D:13)
  Erolcha (D:12)
  6 hydras
  6 boulder beetles
  A merfolk avatar (Shoals:3)
  An ogre mage (Orc:2)
  6 merfolk aquamancers
  A death knight (D:13)
  7 catoblepae
  2 alligators (Shoals:2)
  2 alligator snapping turtles
  4 two-headed ogres
  A deep troll shaman (Lair:6)
  3 hell hogs (Abyss:3)
  2 tengu warriors (D:14)
  A dancing weapon (D:13)
  10 death yaks
  Nergalle (Orc:1)
  Amaemon (D:10)
  14 skeletal warriors
  The ghost of ardl the Fighter, a novice PaAr (D:6)
  10 sea snakes
  A glowing orange brain (D:15)
  3 orc knights
  A death drake (Abyss:3)
  A wizard (D:15)
  18 harpies
  12 manticores
  10 orc sorcerers
  A wolf spider zombie (D:14)
  11 ugly things (D:15)
  A faun (shapeshifter) (D:15)
  4 fauns (Shoals:2)
  5 cyclopes
  7 elephants
  2 ice statues (IceCv)
  2 merfolk sirens (Shoals:3)
  Joseph (D:10)
  4 centaur zombies (D:14)
  2 water nymphs
  5 black mambas
  2 gargoyles
  A torpor snail (Lair:2)
  A smoke demon (Abyss:3)
  An orange demon (D:10)
  Maggie (D:8)
  An unseen horror (D:11)
  2 rime drakes
  17 cane toads
  13 komodo dragons
  A yaktaur (D:14)
  An efreet (D:14)
  An anaconda simulacrum (IceCv)
  5 catoblepas skeletons (Abyss:3)
  3 freezing wraiths
  A guardian mummy (D:13)
  5 ice devils (IceCv)
  A tengu conjurer (D:14)
  9 trolls
  6 wind drakes
  2 trolls (shapeshifter)
  26 merfolk
  2 polar bears
  3 hornets
  18 slime creatures
  22 blink frogs
  20 dream sheep
  8 snapping turtles
  3 air elementals (Abyss:3)
  10 wyverns
  13 water elementals
  54 yaks
  A dire elephant simulacrum (IceCv)
  5 wraiths
  11 basilisks
  9 vampire mosquitoes
  2 steam dragons
  A neqoxec (Abyss:3)
  Menkaure (D:5)
  9 wargs
  3 nagas (Lair:4)
  2 acid dragons
  11 water moccasins
  22 orc warriors
  A sky beast (D:7)
  2 ice beasts
  4 black bears
  14 ogres
  28 wolves
  15 centaurs
  4 phantoms
  2 kobold brigands (D:10)
  7 scorpions
  8 earth elementals (Abyss:3)
  15 bullfrogs
  A necrophage (D:5)
  A two-headed ogre simulacrum (IceCv)
  A small abomination (Abyss:3)
  8 killer bees
  2 elephant simulacra (IceCv)
  11 electric eels
  7 howler monkeys
  A vampire bat (D:8)
  4 jellies
  3 gnoll shamans
  13 orc priests
  6 hounds
  9 iguanas
  27 orc wizards
  A troll simulacrum (IceCv)
  A mummy (D:14)
  15 gnolls
  9 adders
  2 shadow imps (D:7)
  2 white imps (D:6)
  3 ufetubi
  2 worms
  2 dart slugs
  69 orcs
  3 bats
  4 bat zombies (D:8)
  9 endoplasms
  3 giant cockroaches
  15 goblins
  4 hobgoblins
  2 jackals (D:2)
  12 kobolds
  2 quokkas
  3 training dummies (D:8)
  8 ball pythons
  4 frilled lizards
  7 rats
  A butterfly (D:15)
  6 tentacles
922 creatures vanquished.

Vanquished Creatures (collateral kills)
  A merfolk javelineer (Shoals:3)
  A manticore (Shoals:3)
  4 merfolk (Shoals:2)
6 creatures vanquished.

Vanquished Creatures (others)
  A water elemental (D:13)
  2 orc wizards (Orc:2)
  25 fungi
  154 plants
  9 starspawn tentacles (Abyss:3)
  18 tentacles (Shoals:2)
209 creatures vanquished.

Grand Total: 1137 creatures vanquished

Notes
Turn   | Place    | Note
-------+----------+-------------------------------------------
     0 | D:1      | RepHenryClay the Demonspawn Gladiator began the quest for
                  | the Orb.
     0 | D:1      | Reached XP level 1. HP: 16/16 MP: 1/1
   143 | D:1      | Found a faded altar of an unknown god.
   197 | D:1      | Gained mutation: You have a small tail. [demonic ancestry]
   197 | D:1      | Reached XP level 2. HP: 19/22 MP: 2/2
   609 | D:1      | Reached skill level 3 in Axes
  1041 | D:2      | Gained mutation: A meltable shield of frost defends you.
                  | (SH +4) [demonic ancestry]
  1041 | D:2      | Reached XP level 3. HP: 27/28 MP: 3/3
  1675 | D:3      | Noticed an ice beast
  1688 | D:3      | Killed an ice beast
  1689 | D:3      | Reached skill level 4 in Axes
  1689 | D:3      | Reached XP level 4. HP: 34/34 MP: 4/4
  1689 | D:3      | Gained mutation: You regenerate a little health from kills.
                  | [demonic ancestry]
  1689 | D:3      | Reached XP level 5. HP: 39/39 MP: 5/5
  1697 | D:3      | Noticed a phantom
  1703 | D:3      | Killed a phantom
  1704 | D:3      | Reached skill level 5 in Axes
  1721 | D:3      | Found a hide-covered altar of Uskayaw.
  1957 | D:3      | Found a shimmering blue altar of Sif Muna.
  1957 | D:3      | Found a hazy altar of Hepliaklqana.
  1965 | D:3      | Found a bloodstained altar of Trog.
  1968 | D:3      | Found a radiant altar of Vehumet.
  1976 | D:3      | Found a broken altar of Ashenzari.
  2021 | D:3      | Gained mutation: You have a tail ending in a sharp stinger.
                  | [demonic ancestry]
  2021 | D:3      | Reached XP level 6. HP: 39/46 MP: 6/6
  2460 | D:3      | Found a snail-covered altar of Cheibriados.
  2460 | D:3      | Found a sacrificial altar of Ru.
  3026 | D:4      | Reached skill level 6 in Axes
  3026 | D:4      | Reached skill level 1 in Armour
  3270 | D:4      | Gained mutation: You are partially covered in molten
                  | scales. (AC +2) [demonic ancestry]
  3270 | D:4      | Reached XP level 7. HP: 39/51 MP: 7/7
  3572 | D:4      | Reached skill level 7 in Axes
  3987 | D:4      | Identified the +0 pair of gloves of the Merchant {Rampage
                  | MP+9 Str+5 Int-5}
  4184 | D:5      | Entered Level 5 of the Dungeon
  4355 | D:5      | Gained mutation: A meltable icy envelope protects you from
                  | harm. (AC +8) [demonic ancestry]
  4355 | D:5      | Reached XP level 8. HP: 51/57 MP: 8/8
  4486 | D:5      | Noticed Menkaure
  4516 | D:5      | Identified a scroll of acquirement
  4516 | D:5      | Acquired a +0 vorpal executioner's axe
  4716 | D:5      | Found a sacrificial altar of Ru.
  4726 | D:5      | Reached skill level 8 in Axes
  5139 | D:6      | Found a blossoming altar of Fedhas.
  5413 | D:6      | Reached skill level 9 in Axes
  5660 | D:6      | Found a runed translucent gate.
  5660 | D:6      | Found a runed translucent gate.
  5660 | D:6      | Found a runed translucent gate.
  5660 | D:6      | Noticed ardl's ghost (novice PaAr)
  5678 | D:6      | Found a staircase to the Ecumenical Temple.
  5687 | Temple   | Entered the Ecumenical Temple
  5912 | Temple   | Became a worshipper of Qazlal Stormbringer
  5978 | D:6      | Found Demiuze's Assorted Antiques.
  5983 | D:6      | Bought a scroll labelled JYDAICISTENT for 30 gold pieces
  6432 | D:6      | Reached skill level 5 in Armour
  6469 | D:7      | Gained mutation: A meltable icy envelope protects you from
                  | harm. (AC +8) [demonic ancestry]
  6469 | D:7      | Reached XP level 9. HP: 45/62 MP: 9/9
  6581 | D:7      | Found a burning altar of Makhleb.
  6581 | D:7      | Noticed a cacodemon
  6617 | D:7      | Noticed a cyclops
  6650 | D:7      | Reached skill level 10 in Axes
  6656 | D:7      | Killed a cyclops
  7105 | D:7      | Reached skill level 11 in Axes
  7670 | D:8      | Reached * piety under Qazlal
  7910 | D:8      | Gained mutation: Your presence sometimes corrodes those you
                  | injure. [demonic ancestry]
  7910 | D:8      | Reached XP level 10. HP: 68/68 MP: 10/10
  8006 | D:8      | Reached skill level 12 in Axes
  8231 | D:8      | Noticed Gastronok
  8596 | D:8      | Found Plog's Firing Range.
  8597 | D:8      | Noticed Maggie
  8614 | D:8      | Killed Maggie
  8769 | D:8      | Bought 3 javelins for 24 gold pieces
  8769 | D:8      | Bought 6 javelins for 48 gold pieces
  8877 | D:8      | Found an ancient bone altar of Kikubaaqudgha.
  9067 | D:9      | Noticed a two-headed ogre
  9144 | D:9      | Reached ** piety under Qazlal
  9656 | D:9      | Reached skill level 5 in Throwing
  9795 | D:9      | Gained mutation: You are mostly covered in molten scales.
                  | (AC +3) [demonic ancestry]
  9795 | D:9      | Reached XP level 11. HP: 51/78 MP: 11/11
  9888 | D:9      | Killed a two-headed ogre
  9951 | D:9      | Reached skill level 5 in Fighting
 10436 | D:10     | Entered Level 10 of the Dungeon
 10664 | D:10     | Noticed Joseph
 10701 | D:10     | Killed Joseph
 10858 | D:10     | Noticed a skeletal warrior
 10891 | D:10     | Killed a skeletal warrior
 11098 | D:10     | Found a staircase to the Lair.
 11125 | D:10     | Reached *** piety under Qazlal
 11447 | D:10     | Identified the +2 hat of Creativity {+Blink Fly rCorr
                  | Str-3}
 11693 | D:10     | Noticed a skeletal warrior
 11726 | D:9      | Killed a skeletal warrior
 11879 | D:10     | Noticed a skeletal warrior
 11910 | D:10     | Killed a skeletal warrior
 12014 | D:10     | Noticed a skeletal warrior
 12068 | D:10     | Killed a skeletal warrior
 12420 | Lair:1   | Entered Level 1 of the Lair of Beasts
 12430 | Lair:1   | Got the Papyrus of Creative Stones
 12562 | Lair:1   | Noticed Amaemon
 12686 | D:11     | Noticed a boulder beetle
 12705 | D:11     | Killed a boulder beetle
 12872 | D:11     | Reached XP level 12. HP: 86/91 MP: 12/12
 12885 | D:11     | Noticed a two-headed ogre
 12904 | D:11     | Killed a two-headed ogre
 13015 | D:11     | Noticed a boulder beetle
 13026 | D:11     | Killed a boulder beetle
 13027 | D:11     | Reached skill level 13 in Axes
 13604 | D:12     | Found a staircase to the Orcish Mines.
 13677 | D:12     | Noticed a two-headed ogre
 13688 | D:12     | Killed a two-headed ogre
 13804 | D:12     | Reached **** piety under Qazlal
 13805 | D:12     | Reached skill level 5 in Invocations
 14108 | D:12     | Noticed a centaur warrior
 14108 | D:12     | Noticed Snorg
 14589 | D:12     | Killed a centaur warrior
 14596 | D:12     | Killed Snorg
 14823 | D:12     | Noticed a two-headed ogre
 14833 | D:12     | Killed a two-headed ogre
 15085 | D:13     | Noticed a centaur warrior
 15124 | Orc:1    | Entered Level 1 of the Orcish Mines
 15124 | Orc:1    | Noticed Erolcha
 15134 | D:12     | Killed Erolcha
 15239 | Orc:1    | Noticed Nergalle
 15251 | Orc:1    | Killed Nergalle
 15252 | Orc:1    | Reached skill level 14 in Axes
 15380 | Orc:1    | Noticed Harold
 15391 | Orc:1    | Killed Harold
 15625 | Orc:1    | Gained mutation: You have a sharp stinger which inflicts
                  | weakening toxins. [demonic ancestry]
 15625 | Orc:1    | Reached XP level 13. HP: 96/96 MP: 19/19
 15759 | Orc:1    | Reached skill level 10 in Armour
 16018 | Orc:1    | Reached ***** piety under Qazlal
 16551 | Orc:2    | Entered Level 2 of the Orcish Mines
 16551 | Orc:2    | Noticed an orc warlord
 16551 | Orc:2    | Found Bogo's Armour Boutique.
 16619 | Orc:1    | Killed an orc warlord
 16859 | Orc:2    | Found Peteskeu's Armour Shop.
 16882 | Orc:2    | Bought a +2 pair of boots for 247 gold pieces
 16908 | Orc:2    | Found Aluil's Armour Shop.
 16918 | Orc:2    | Found a staircase to the Elven Halls.
 16920 | Orc:2    | Bought the +0 hat "Geituarph" {Rampage +Inv rF+} for 375
                  | gold pieces
 16991 | Orc:2    | Reached skill level 1 in Evocations
 17276 | Orc:2    | Paralysed by an orc sorcerer for 4 turns
 17797 | Orc:2    | Found Lahouzec's Antique Armour Shoppe.
 17817 | Orc:2    | Found a radiant altar of Vehumet.
 17852 | Orc:2    | Found Wamp's Antique Weapon Emporium.
 17984 | Orc:2    | Reached skill level 5 in Evocations
 18016 | Orc:2    | Found an ancient bone altar of Kikubaaqudgha.
 18081 | Orc:2    | Found Obbinol's Magic Scroll Shoppe.
 18109 | Orc:2    | Paralysed by an orc sorcerer for 4 turns
 18189 | Orc:2    | Found Eveles's Book Shoppe.
 18191 | Orc:2    | Bought a scroll of teleportation for 48 gold pieces
 18191 | Orc:2    | Bought a scroll of identify for 32 gold pieces
 18191 | Orc:2    | Bought a scroll of identify for 32 gold pieces
 18191 | Orc:2    | Bought a scroll of magic mapping for 56 gold pieces
 18474 | D:10     | Killed Amaemon
 19400 | Lair:2   | Reached skill level 5 in Dodging
 19413 | Lair:2   | Reached skill level 15 in Axes
 19778 | Lair:2   | Found a staircase to the Shoals.
 20880 | Lair:2   | Reached XP level 14. HP: 103/103 MP: 20/20
 21481 | Lair:3   | Reached ****** piety under Qazlal
 22563 | Lair:4   | Found a staircase to the Snake Pit.
 23188 | Lair:5   | Found a staircase to the Slime Pits.
 23438 | Lair:5   | Found a frozen archway.
 23472 | Lair:5   | Reached skill level 16 in Axes
 23502 | IceCv    | Entered an ice cave
 23827 | IceCv    | Noticed a reaper
 23836 | IceCv    | Killed a reaper
 23839 | IceCv    | Got Sif Muna's Collected Works on the Glacier
 24752 | Lair:6   | Entered Level 6 of the Lair of Beasts
 24962 | Lair:6   | Identified the +10 war axe of Wusyseme {venom, Str+2}
 25173 | Lair:6   | Found a runed translucent door.
 25174 | Lair:6   | Noticed enile's ghost (journeyman OpWn)
 25452 | Lair:6   | Reached XP level 15. HP: 107/110 MP: 21/21
 25918 | Lair:6   | Killed enile's ghost
 26320 | D:5      | Killed Menkaure
 27025 | D:6      | Killed ardl's ghost
 27161 | D:8      | Killed Gastronok
 27162 | D:8      | Reached skill level 17 in Axes
 28263 | D:13     | Found a runed translucent door.
 28264 | D:13     | Found a shimmering altar of Xom.
 28264 | D:13     | Noticed Ideihu's ghost (journeyman DjFE)
 29226 | D:13     | Killed Ideihu's ghost
 29237 | D:13     | Got the Volume of Lightness and the Frostbite
 30567 | D:14     | Found a gate to the Vaults.
 30636 | D:14     | Found a portal to a secret trove of treasure.
 30914 | D:15     | Entered Level 15 of the Dungeon
 30925 | D:15     | Gained mutation: Your presence sometimes corrodes or
                  | deforms those you injure. [demonic ancestry]
 30925 | D:15     | Reached XP level 16. HP: 121/121 MP: 22/22
 31233 | D:15     | Reached skill level 18 in Axes
 31495 | D:15     | Identified the +8 morningstar "Zonlyax" {spect, Int+7}
 31874 | D:15     | Reached skill level 10 in Fighting
 31981 | D:15     | Found a staircase to the Depths.
 32349 | Shoals:1 | Entered Level 1 of the Shoals
 32349 | Shoals:1 | You are sucked into a shaft and drop 1 floor!
 32862 | Shoals:1 | Identified Roxanne's Collected Works on Shape Shifting
 32862 | Shoals:1 | Noticed Roxanne
 33821 | Shoals:2 | Reached skill level 10 in Dodging
 33914 | Shoals:2 | Noticed a kraken
 34494 | Shoals:2 | Killed a kraken
 34605 | Shoals:3 | Noticed Bai Suzhen
 34605 | Shoals:3 | Noticed Polyphemus
 34622 | Shoals:3 | Noticed Ilsuiw
 34645 | Shoals:3 | Found a large runed translucent door.
 34646 | Shoals:3 | Noticed Louise
 34650 | Shoals:3 | Cast into level 3 of the Abyss (Louise)
 34652 | Abyss:3  | Paralysed by an air elemental for 1 turns
 34759 | Abyss:3  | Noticed a tentacled starspawn
 34835 | Abyss:3  | Reached skill level 19 in Axes
 34835 | Abyss:3  | Gained mutation: You regenerate health from kills. [demonic
                  | ancestry]
 34835 | Abyss:3  | Reached XP level 17. HP: 38/131 MP: 23/23
 34835 | Abyss:3  | Reached XP level 18. HP: 40/138 MP: 24/24
 34835 | Abyss:3  | Got an abyssal rune of Zot
 35185 | Abyss:3  | Found a corrupted altar of Lugonu.
 35200 | Shoals:3 | Escaped the Abyss
 35217 | Shoals:3 | Killed Ilsuiw
 35220 | Shoals:3 | Killed Louise
 35229 | Shoals:3 | Found a large runed translucent door.
 35230 | Shoals:3 | Noticed Mionokh's ghost (adept HOMo)
 35275 | Shoals:3 | Killed Mionokh's ghost
 35425 | Shoals:3 | Killed Bai Suzhen
 35426 | Shoals:3 | Gained mutation: You are completely covered in molten
                  | scales. (AC +4, rF+) [demonic ancestry]
 35426 | Shoals:3 | Reached XP level 19. HP: 139/144 MP: 25/25
 35556 | Shoals:3 | Killed Polyphemus
 36024 | Shoals:4 | Entered Level 4 of the Shoals
 36107 | Shoals:4 | HP: 6/146 [merfolk javelineer/silver javelin (14)]
 36107 | Shoals:4 | Hit by a silver javelin thrown by a merfolk javelineer

Illustrated notes

Levels and vault maps discovered:
D:1:      psy_arrival_terrarium, layout_loops_ring, shapermc_ecumenical_altar_gd
D:2:      layout_loops_cross
D:3:      layout_loops_ring, nicolae_overflow_hallway_of_the_gods,
          nicolae_uskayaw_suspiria, gammafunk_temple_overflow_statue,
          serial_rivers, chequers_serial_rivers_large_b,
          chequers_serial_rivers_room_b, chequers_serial_rivers_micro_a,
          chequers_serial_rivers_micro_b, chequers_serial_rivers_micro_c,
          minmay_misc_feat_square
D:4:      layout_cave_pools, minmay_joined_circles
D:5:      layout_basic, serial_glass, glass_columns_a, glass_columns_a,
          minmay_ruined_shrine, uniq_menkaure
D:6:      layout_basic, fedhas_altar_2, temple_fountains,
          ebering_ghost_rock_garden, serial_shops, shop
D:7:      layout_cave_pods, makhleb_altar_promises_db, minmay_manual_mess
D:8:      layout_basic, kennysheep_vampire_church, st_stairs_5,
          nicolae_shop_firing_range, uniq_maggie, uniq_gastronok
D:9:      layout_big_octagon, dreamdust_gnoll_shepherd
D:10:     layout_basic, minmay_lair_entry_grove, minivault_11, uniq_joseph
D:11:     layout_roguey
D:12:     layout_long_grid, minmay_orc_entry_guard_dogs, uniq_snorg
D:13:     erik_rubicon_b, layout_long_grid, ebering_ghost_xom,
          serial_bayou_pond_c, minmay_lizard_king
D:14:     layout_gridville, grunt_vaults_entry_fortified,
          nicolae_trove_entry_isolated, serial_undead, serial_undead_a,
          serial_undead_c, serial_undead_a, serial_undead_b
D:15:     gammafunk_enter_depths_forms, layout_basic, serial_park_avenue1,
          nicolae_elyvilon_peaceful_grove
Temple:   dpeg_chambers_temple
Lair:1:   layout_gridlike, minmay_stone_trees_small, minivault_26, uniq_amaemon
Lair:2:   layout_layer_cave, elwin_shoals_entry_rocks,
          grunt_forest_small_clearings, st_stairs_6, fungi_pond_lemuel,
          grunt_megastairs_2
Lair:3:   layout_cave_pods, minmay_shattered_shrine, grunt_megastairs_5
Lair:4:   layout_roguey, minmay_snake_entry_guardpost_small
Lair:5:   layout_layer_cave, nicolae_slime_entry_slimehenge,
          portal_ice_cave_entry_pillars_2, chequers_serial_rivers_room_b,
          minivault_26
Lair:6:   grunt_lair_end_beastmaster, layout_misc_corridors,
          hellmonk_ghost_happy_afterlife, serial_bayou_pond_a,
          infiniplex_staircase_pool_2, serial_bayou_shore_b
Shoals:1: layout_shoals, uniq_roxanne
Shoals:2: layout_shoals, nicolae_shoals_goliath_grotto
Shoals:3: layout_shoals, ebering_ghost_disaster_area, uniq_polyphemus,
          uniq_bai_suzhen, uniq_ilsuiw, uniq_louise
Shoals:4: shoals_end_hangedman, layout_shoals, nzn_prometheus_bound
Orc:1:    cheibrodos_orc_guarddog, layout_caves, uniq_harold, uniq_erolcha,
          uniq_nergalle
Orc:2:    kennysheep_orc_mage_school, layout_diamond_mine, basic_altar,
          serial_shops, shop, shop, shop

Skill      XL: |  1  2  3  4  5  6  7  8  9 10 11 12 13 14 15 16 17 18 19 |
---------------+----------------------------------------------------------+-----
Throwing       | 2 5 9 |  9.1
Dodging        | 3 5 7 9 10 11 | 11.1
Axes           | 3 4 5 6 7 9 11 12 14 15 16 17 19 | 19.7
Armour         | 1 3 5 6 8 9 10 11 12 13 14 | 14.2
Fighting       | 4 7 8 9 11 | 11.9
Invocations    | 9 |  9.2
Evocations     | 5 |  5.2

Action                   |  1- 3 |  4- 6 |  7- 9 | 10-12 | 13-15 | 16-18 | 19-21 || total
-------------------------+-------+-------+-------+-------+-------+-------+-------++-------
Melee: War axe           |    72 |   105 |   198 |   654 |   984 |   483 |       ||  2496
       Tailslap          |     3 |    15 |    77 |   179 |   314 |   158 |    18 ||   764
       Punch             |       |     3 |     4 |    16 |    14 |     9 |       ||    46
       Spear             |       |       |   245 |   183 |    17 |       |       ||   445
       Executioner's axe |       |       |       |       |   379 |   110 |   109 ||   598
       Demon whip        |       |       |       |       |    46 |       |       ||    46
Throw: Throwing net      |     1 |     1 |       |     1 |       |       |       ||     3
       Javelin           |       |       |     3 |    17 |     5 |     2 |       ||    27
       Dart              |       |       |       |    17 |     4 |       |       ||    21
Invok: Upheaval          |       |       |       |     2 |     1 |     1 |       ||     4
       Elemental Force   |       |       |       |       |       |     2 |       ||     2
       Disaster Area     |       |       |       |       |       |     1 |       ||     1
Evoke: Wand              |       |       |     1 |     7 |     1 |       |       ||     9
  Use: Potion            |     1 |       |     3 |     2 |     6 |     3 |       ||    15
       Scroll            |       |       |    13 |     6 |    16 |     4 |       ||    39
 Stab: Held in net/web   |     2 |       |       |     2 |       |       |       ||     4
       Petrified         |       |       |       |       |     4 |    10 |       ||    14
       Petrifying        |       |       |       |       |       |     1 |       ||     1
Armor: Leather armour    |    20 |       |       |       |       |       |       ||    20
       Scale mail        |    14 |    42 |   197 |    20 |       |       |       ||   273
       Acid dragon scale |       |       |       |   297 |       |       |       ||   297
       Troll leather arm |       |       |       |    22 |       |       |       ||    22
       Chain mail        |       |       |       |    20 |   663 |   346 |    84 ||  1113
Dodge: Dodged            |    40 |    37 |   175 |   441 |   529 |   419 |    80 ||  1721
       Repelled          |       |       |       |     3 |    15 |     5 |     2 ||    25
Block: Other             |     3 |    17 |    75 |   248 |   671 |   390 |    84 ||  1488

Table legend: (Time is in decaauts)
 A = Elapsed time spent in this place.
 B = Non-inter-level travel time spent in this place.
 C = Inter-level travel time spent in this place.
 D = Time resting spent in this place.
 E = Time spent auto-exploring this place.
 F = Levels seen in this place.
 G = Mean time per level.
                   A        B        C        D        E       F      G
               +--------+--------+--------+--------+--------+-----+--------+
         Total |  35729 |  32855 |   2874 |   5410 |  20904 |  30 | 1191.0 |
       Dungeon |  21026 |  19100 |   1926 |   3431 |  12051 |  15 | 1401.7 |
        Temple |    246 |    195 |     51 |      0 |    186 |   1 |  246.0 |
          Lair |   7676 |   7196 |    480 |   1288 |   4825 |   6 | 1279.3 |
        Shoals |   2701 |   2590 |    111 |    195 |   1677 |   4 |  675.2 |
  Orcish Mines |   2997 |   2691 |    306 |     26 |   2012 |   2 | 1498.5 |
         Abyss |    516 |    516 |      0 |    283 |      0 |   1 |  516.0 |
      Ice Cave |    564 |    564 |      0 |    186 |    153 |   1 |  564.0 |
               +--------+--------+--------+--------+--------+-----+--------+

Top non-repeatable levels by time:
  Lair:2: 2521 daAuts
    D:13: 2251 daAuts
    D:10: 2147 daAuts
     D:8: 1579 daAuts
   Orc:1: 1513 daAuts
   Orc:2: 1483 daAuts
    D:11: 1478 daAuts
     D:5: 1450 daAuts
    D:12: 1440 daAuts
     D:7: 1422 daAuts
     D:4: 1378 daAuts
     D:9: 1315 daAuts
     D:3: 1237 daAuts
  Lair:3: 1210 daAuts
    D:15: 1192 daAuts
